 Dungeon Crawl Stone Soup version 0.31-a0-1204-ge2c1a860ed (webtiles) character file.

Game seed: 6268931303192507295

40 melkoren the Stinger (level 3, -4/28 HPs)
             Began as a Naga Venom Mage on Dec 12, 2023.
             Slain by a worm (7 damage)
             ... on level 2 of the Dungeon.
             The game lasted 00:11:17 (1967 turns).

melkoren the Stinger (Naga Venom Mage)              Turns: 1967, Time: 00:11:18

Health: -4/28      AC:  2    Str: 10    XL:     3   Next: 50%
Magic:  1/6        EV: 10    Int: 15    God:
Gold:   65         SH:  0    Dex: 13    Spells: 3/6 levels left

rFire   . . .        c - staff of poison {!a}
rCold   . . .        (no shield)
rNeg    . . .        a - +0 robe
rPois   +            (no helmet)
rElec   .            (no cloak)
rCorr   .            (no gloves)
SInv    +            (no barding)
Will    .....        (no amulet)
Stlth   ++           (no ring)
HPRegen 0.24/turn    (no ring)
MPRegen 0.10/turn

%: no passive effects
@: very slow
A: AC +1, large, see invisible, deformed body, poison resistance, slowness 2,
spit poison 1, naga tail 1
a: Spit Poison


You were on level 2 of the Dungeon.
You visited 1 branch of the dungeon, and saw 2 of its levels.

You collected 65 gold pieces.


Innate Abilities, Weirdness & Mutations

Your serpentine skin is tough. (AC +1)
You have supernaturally acute eyesight. (SInv)
Armour fits poorly on your strangely shaped body.
Your system is resistant to poisons. (rPois)
You cover ground very slowly.
You can spit poison.
You have a snake-like lower body.


   Skills:
 - Level 0.2(0.5) Polearms
 * Level 0.6(0.7) Staves
 + Level 2.0 Dodging
 + Level 3.4 Stealth
 + Level 2.3 Spellcasting
 - Level 1.2 Transmutations
 * Level 4.5 Poison Magic


You had 3 spell levels left.
You knew the following spells:

 Your Spells              Type           Power      Damage    Failure   Level
p - Poisonous Vapours     Pois/Air       24%        N/A       13%         2
s - Sting                 Tmut/Pois      60%        1d6       7%          1

Your spell library contained the following spells:

 Spells                   Type           Power      Damage    Failure   Level
 Mephitic Cloud           Conj/Pois/Air  9%         N/A       34%         3
 Olgreb's Toxic Radiance  Pois           22%        N/A       32%         4

Inventory:

Hand Weapons
 h - a +0 hand axe
   (You found it on level 1 of the Dungeon)
 j - a +0 spear
   (You found it on level 1 of the Dungeon)
Missiles
 m - 10 stones
Armour
 a - a +0 robe (worn)
 d - a +1 ring mail of fire resistance
   (You found it on level 1 of the Dungeon)
 i - a +0 robe
   (You found it on level 1 of the Dungeon)
 n - a +0 leather armour
   (You found it on level 1 of the Dungeon)
Magical Staves
 c - a staff of poison (weapon) {!a}
   (You acquired it on level 1 of the Dungeon)
Scrolls
 e - 2 scrolls of enchant weapon {unknown}
Potions
 b - a potion of magic

Dungeon Overview and Level Annotations

Branches:
Dungeon (2/15) Zot: 9796

Altars:
Cheibriados

#####........###.##.#
.....................
..............##.##.
###..........#..#.##.
......_...##.##......
................<....
#..####.....#...##.†#...
#.........####^.##.#...
####@##....##.##.####
#rw.....).......#
#........######+###
#.#....J..# ##.#....)..#
##.#........
##.#........
##.#........ ##.#l......


You could see a worm (poisoned), an endoplasm and a rat.


Message History

You lost 1 mp, and now have 3/6 mp.
You barely miss the endoplasm.
The worm looks more healthy.
The endoplasm hits you. 😕 HP[-1]
You take 1 damage, and now have 27/28 hp.
You barely miss the worm.
The endoplasm closely misses you. 😎 HP[+1]
Your hp is fully restored (28).
You barely miss the worm. The endoplasm barely misses you.
The worm completely misses you.
You hit the worm but do no damage. The endoplasm closely misses you.
The worm bites you. 😕 HP[-5]
You take 5 damage, and now have 23/28 hp.
Casting: Sting (safe; 7% risk of failure)
Confirm with . or Enter, or press ? or * to list all spells.
Aiming: Poisonous Vapours (safe; 13% risk of failure)
Press: ? - help, Dir - move target, f - worm, p - endoplasm
Aim: a worm You feel a surge of power!
Poisonous vapours surround the worm!
The worm is poisoned.
The endoplasm hits you. 😕 HP[-1] MP[-2]
You take 1 damage, and now have 22/28 hp.
You lost 2 mp, and now have 1/6 mp.
The endoplasm hits you.
The endoplasm barely misses you. 😕 MP[+1]
The endoplasm freezes you.
You are frozen. 😮 HP[-3]
You take 3 damage, and now have 19/28 hp.
The worm looks more healthy. 😮 HP[+1]
You hit the endoplasm.
You envenom the endoplasm.
You kill the endoplasm!
The worm attacks as it pursues you! The worm bites you. 😮 HP[-3]
You take 3 damage, and now have 17/28 hp.
Casting: Poisonous Vapours (safe; 13% risk of failure)
Confirm with . or Enter, or press ? or * to list all spells.
Aiming: Sting (safe; 7% risk of failure)
Press: ? - help, Shift-Dir - straight line, f/p - worm
Aim: a worm (lightly wounded, 91% to hit)
You feel a surge of power!
The sting hits the worm.
The worm is poisoned.
The worm bites you.
* * * LOW HITPOINT WARNING * * *
😨 HP[-4] MP[-1]
You take 4 damage, and now have 13/28 hp.
You lost 1 mp, and now have 1/6 mp.
The worm looks more healthy. 😨 HP[+1] MP[+1]
Casting: Sting (safe; 7% risk of failure)
Confirm with . or Enter, or press ? or * to list all spells.
Aiming: Sting (safe; 7% risk of failure)
Press: ? - help, Shift-Dir - straight line, f/p - worm
Aim: a worm (heavily wounded, 91% to hit)
You feel a surge of power!
The sting hits the worm.
The worm is poisoned. 😮 HP[+1] MP[-1]
You lost 1 mp, and now have 1/6 mp.
The worm looks more healthy. 😮 HP[+1]
The worm attacks as it pursues you! The worm bites you.
* * * LOW HITPOINT WARNING * * *
😨 HP[-4] MP[+1]
You take 4 damage, and now have 12/28 hp.
Casting: Sting (safe; 7% risk of failure)
Confirm with . or Enter, or press ? or * to list all spells.
Aiming: Sting (safe; 7% risk of failure)
Press: ? - help, Shift-Dir - straight line, f/p - worm
Aim: a worm (heavily wounded, 91% to hit)
You feel a surge of power!
The sting hits the worm but does no damage.
The worm is poisoned. 😨 MP[-1]
You lost 1 mp, and now have 1/6 mp.
Casting: Sting (safe; 7% risk of failure)
Confirm with . or Enter, or press ? or * to list all spells.
Aiming: Sting (safe; 7% risk of failure)
Press: ? - help, Shift-Dir - straight line, f/p - worm
Aim: a worm (heavily wounded, poisoned, 91% to hit)
You feel a surge of power!
The sting hits the worm.
The worm looks even sicker.
The worm bites you.
* * * LOW HITPOINT WARNING * * *
😱 HP[-6] MP[-1]
You take 6 damage, and now have 6/28 hp.
MASSIVE DAMAGE!! (PAUSE)
You lost 1 mp, and now have 0/6 mp.
Okay, then. 😱 HP[+1]
The endoplasm quivers.
The worm attacks as it pursues you! The worm closely misses you.
The rat bites you.
* * * LOW HITPOINT WARNING * * *
The rat bites you.
* * * LOW HITPOINT WARNING * * *
The worm attacks as it pursues you! The worm bites you.
* * * LOW HITPOINT WARNING * * *
😱 HP[-4]
You take 4 damage, and now have 3/28 hp.
The worm bites you!
You die...

Skill      XL: |  1  2 |
---------------+-------+-----
Dodging        | 2 |  2.0
Polearms       | |  0.2
Staves         | |  0.6
Stealth        | |  3.4
Spellcasting   | |  2.3
Transmutations | |  1.2
Poison Magic   | |  4.5

Action                     || total
---------------------------++-------
  Melee: Unarmed           ||    22
         Hand axe          ||     9
         Spear             ||    28
         Staff             ||    22
         Punch             ||     2
   Cast: Poisonous Vapours ||     9
         Sting             ||    12
    Use: Scroll            ||     3
         Potion            ||     3
 Armour: Robe              ||    45
  Dodge: Dodged            ||    36

Levels and vault maps discovered:
D:1:      minmay_arrival_stair_chambers, layout_rooms, grunt_decor_arrowhead
D:2:      wad_pebble_path, layout_rooms, basic_altar

Notes
Turn   | Place    | Note
-------+----------+-------------------------------------------
     0 | D:1      | melkoren the Naga Venom Mage began the quest for the Orb.
     0 | D:1      | Reached XP level 1. HP: 15/15 MP: 3/3
     0 | D:1      | magus.rc [v1.11.3]
   355 | D:1      | HP: 2/15 [hobgoblin (4)]
   600 | D:1      | Reached XP level 2. HP: 22/22 MP: 5/5
  1292 | D:1      | Learned a level 2 spell: Poisonous Vapours
  1628 | D:1      | Identified a scroll of acquirement
  1628 | D:1      | Acquired a staff of poison
  1666 | D:2      | Found a snail-covered altar of Cheibriados.
  1685 | D:2      | Reached skill level 2 in Dodging
  1685 | D:2      | Reached XP level 3. HP: 18/28 MP: 2/6
  1961 | D:2      | HP: 6/28 [worm (6)]
  1966 | D:2      | HP: 4/28 [rat (3)]
  1967 | D:2      | Slain by a worm

Vanquished Creatures
  An adder (D:2)
  3 dart slugs
  An orc (D:2)
  A ball python (D:1)
  6 endoplasms
  2 giant cockroaches
  3 hobgoblins (D:1)
  A bat (D:2)
  A frilled lizard (D:1)
  A goblin (D:1)
  A kobold (D:1)
  2 rats
23 creatures vanquished.

Table legend:
 A = Non-vault XP
 B = Vault XP
 C = Vault XP percentage of total XP
 D = Non-vault monster count
 E = Vault monster count
 F = Vault count percentage of total count
                 A         B        C        D         E       F
            +---------+---------+-------+---------+---------+-------
      Total |      58 |       0 |   0.0 |      23 |       0 |   0.0
            +---------+---------+-------+---------+---------+-------
        D:1 |      32 |       0 |   0.0 |      16 |       0 |   0.0
        D:2 |      26 |       0 |   0.0 |       7 |       0 |   0.0
            +---------+---------+-------+---------+---------+-------

Skill      XL: |  1  2 |
---------------+-------+-----
Dodging        | 2 |  2.0
Polearms       | |  0.2
Staves         | |  0.6
Stealth        | |  3.4
Spellcasting   | |  2.3
Transmutations | |  1.2
Poison Magic   | |  4.5

Action                     || total
---------------------------++-------
  Melee: Unarmed           ||    22
         Hand axe          ||     9
         Spear             ||    28
         Staff             ||    22
         Punch             ||     2
   Cast: Poisonous Vapours ||     9
         Sting             ||    12
    Use: Scroll            ||     3
         Potion            ||     3
 Armour: Robe              ||    45
  Dodge: Dodged            ||    36

Illustrated notes

Table legend:
 A = Kills in this place as a percentage of kills in the entire game.
 B = Kills by you in this place as a percentage of kills by you in the entire game.
 C = Kills by friends in this place as a percentage of kills by friends in the entire game.
 D = Other kills in this place as a percentage of other kills in the entire game.
 E = Experience gained in this place as a percentage of experience gained in the entire game.
 F = Experience gained in this place divided by the number of levels of this place that you have seen.
                   A       B       C       D       E      F
               +-------+-------+-------+-------+-------+----------------------
         Total | 100.0 | 100.0 |   N/A |   N/A | 100.0 |  29.0
       Dungeon | 100.0 | 100.0 |   N/A |   N/A | 100.0 |  29.0
               +-------+-------+-------+-------+-------+----------------------

Table legend: (Time is in decaauts)
 A = Elapsed time spent in this place.
 B = Non-inter-level travel time spent in this place.
 C = Inter-level travel time spent in this place.
 D = Time resting spent in this place.
 E = Time spent auto-exploring this place.
 F = Levels seen in this place.
 G = Mean time per level.
                   A        B        C        D        E       F      G
               +--------+--------+--------+--------+--------+-----+--------+
         Total |   2202 |   2178 |     24 |   1185 |    588 |   2 | 1101.0 |
       Dungeon |   2202 |   2178 |     24 |   1185 |    588 |   2 | 1101.0 |
               +--------+--------+--------+--------+--------+-----+--------+

Top non-repeatable levels by time:
     D:1: 1856 daAuts
     D:2: 346 daAuts
